Map: New Gettysburg LE

Players

Fropez

  • Race: Protoss Protoss
  • League: Gold
  • Spawn Location: 7:00

Calvin - Winner!

  • Race: Zerg Zerg
  • League: Gold
  • Spawn Location: 5:00

VOD

Have the link to the VOD?

Description

Time

  • Played on: Sept. 30, 2016, 12:51 p.m.
  • Length: 13:15
Show
View Real Time Build Order
Export as new Build Order

Fropez Protoss 

Build Orders:  

Get SALT Encoding   

  12  0:02  Probe (Chrono Boost)  
  13  0:12  Probe (Chrono Boost)  
  14  0:18  Pylon  
  14  0:23  Probe (Chrono Boost)  
  15  0:37  Probe (Chrono Boost)  
  15  0:41  Gateway  
  16  0:47  Probe (Chrono Boost)  
  17  0:51  Assimilator  
  17  0:58  Probe (Chrono Boost)  
  18  1:08  Probe (Chrono Boost)  
  19  1:14  Pylon  
  19  1:15  Pylon  
  19  1:25  Probe (Chrono Boost)  
  20  1:34  Cybernetics Core  
  20  1:35  Probe (Chrono Boost)  
  20  1:46  Probe (Chrono Boost)  
  21  1:56  Probe (Chrono Boost)  
  22  2:05  Nexus  
  22  2:16  Warp Gate (Chrono Boost)  
  22  2:17  Mothership Core (Chrono Boost)  
  24  2:24  Adept  
  26  2:35  Pylon, Probe (Chrono Boost)  
  27  2:46  Probe (Chrono Boost)  
  28  2:56  Gateway  
  28  2:58  Probe  
  29  3:10  Twilight Council, Probe  
  30  3:17  Probe  
  31  3:22  Probe  
  31  3:25  Pylon  
  32  3:28  Pylon  
  33  3:34  Probe  
  33  3:47  Probe  
  34  3:48  Probe  
  33  3:58  Probe  
  34  4:04  Gateway  
  34  4:06  Resonating Glaives (Chrono Boost), Gateway  
  34  4:12  Assimilator  
  34  4:14  Adept x2, Assimilator  
  34  4:15  Probe  
  39  4:22  Assimilator  
  40  4:31  Probe  
  38  4:39  Probe  
  38  4:44  Probe  
  40  5:00  Probe  
  40  5:01  Mothership Core  
  43  5:07  Pylon  
  43  5:10  Probe  
  43  5:11  Gateway  
  43  5:12  Adept x4  
  52  5:15  Gateway  
  52  5:16  Pylon  
  52  5:39  Adept x4, Probe  
  52  5:40  Probe  
  62  5:44  Assimilator  
  62  5:51  Gateway  
  62  5:54  Gateway  
  60  6:15  Adept x4  
  58  6:27  Robotics Facility  
  58  6:28  Probe, Dark Shrine  
  58  6:29  Adept x2  
  58  6:31  Pylon  
  58  6:32  Pylon  
  49  7:25  Adept x6  
  55  7:39  Warp Prism (Chrono Boost)  
  55  7:41  Forge  
  55  7:43  Nexus  
  57  7:45  Pylon  
  57  7:46  Pylon  
  57  7:49  Adept, Assimilator  
  57  7:50  Adept x4  
  57  7:51  Adept x2  
  71  7:54  Assimilator  
  71  7:58  Pylon  
  71  7:59  Probe  
  71  8:00  Probe  
  73  8:14  Probe  
  73  8:16  Probe  
  75  8:23  Protoss Ground Weapons Level 1 (Chrono Boost)  
  75  8:25  Probe  
  76  8:28  Probe  
  76  8:30  Adept x2  
  76  8:31  Adept x3  
  76  8:32  Adept x3  
  93  9:04  Dark Templar  
  95  9:11  Dark Templar x3  
  99  9:38  Adept  
  99  9:39  Adept  
  97  9:52  Probe  
  93  9:53  Probe  
  95  10:02  Probe  
  95  10:05  Probe, Protoss Ground Weapons Level 2 (Chrono Boost)  
  97  10:13  Probe  
  78  10:47  Dark Templar  
  78  10:48  Dark Templar x6  
  64  11:18  Warp Prism, Probe  
  58  11:19  Probe  
  58  11:23  Adept x4  
  58  11:24  Adept x4  
  76  11:32  Pylon  
  75  11:51  Adept  
  75  11:52  Adept x5  
  75  11:53  Adept, Nexus  
  87  12:05  Pylon  
  87  12:07  Pylon  
  77  12:11  Pylon  
  59  12:16  Adept x4  
  59  12:17  Adept x4  
  75  12:23  Observer (Chrono Boost)  
  68  12:45  Adept x4  
Show
View Real Time Build Order
Export as new Build Order

Calvin Zerg - Winner!

Build Orders: 3 Hatch before Pool 

Get SALT Encoding   

  12  0:01  Drone  
  13  0:14  Overlord  
  13  0:19  Drone  
  14  0:32  Drone x2  
  16  0:36  Drone  
  17  0:55  Hatchery  
  16  0:58  Drone  
  16  1:01  Drone  
  18  1:17  Drone  
  19  1:21  Drone  
  20  1:31  Drone  
  21  1:44  Hatchery  
  20  2:03  Drone x2  
  20  2:04  Spawning Pool  
  21  2:08  Drone  
  21  2:09  Drone  
  23  2:17  Drone  
  24  2:25  Drone x2  
  24  2:28  Extractor  
  26  2:30  Drone  
  26  2:36  Overlord  
  26  2:39  Drone  
  27  2:46  Drone  
  28  2:54  Queen x2  
  28  2:55  Overlord  
  28  2:57  Drone  
  28  2:58  Drone  
  34  3:00  Queen  
  34  3:04  Zergling x2  
  37  3:13  Drone x3  
  37  3:18  Zergling x2  
  37  3:19  Zergling x2  
  42  3:29  Zergling x2  
  42  3:30  Drone x2  
  42  3:47  Drone x4  
  43  3:50  Drone  
  43  3:51  Drone  
  45  3:58  Drone  
  46  4:04  Extractor  
  46  4:05  Overlord  
  46  4:06  Extractor, Overlord, Drone  
  46  4:07  Drone x3  
  48  4:10  Spine Crawler, Spore Crawler  
  46  4:19  Drone x3  
  46  4:22  Drone  
  48  4:42  Drone x7  
  48  4:45  Extractor  
  53  4:46  Extractor  
  53  4:47  Drone x2  
  53  4:52  Spore Crawler  
  53  4:53  Drone x2  
  53  4:54  Drone x5  
  60  5:02  Drone  
  60  5:03  Drone x5  
  66  5:13  Lair  
  66  5:30  Spine Crawler  
  65  5:38  Drone  
  65  5:39  Overlord x2  
  65  5:40  Metabolic Boost  
  66  5:45  Roach Warren  
  66  5:46  Evolution Chamber  
  66  5:48  Evolution Chamber, Spine Crawler  
  66  5:49  Zergling x8  
  66  5:55  Zergling x4  
  66  5:56  Zergling x2  
  66  6:02  Zergling x6  
  66  6:03  Zergling x2  
  68  6:05  Zergling x8  
  68  6:13  Zergling x2  
  68  6:17  Drone x2  
  59  6:30  Glial Reconstitution  
  59  6:32  Roach x3  
  65  6:36  Zerg Ground Armor Level 1, Zerg Missile Weapons Level 1  
  65  6:40  Drone  
  65  6:41  Drone x2  
  64  7:08  Zergling x20  
  67  7:12  Spine Crawler  
  72  7:19  Zergling x4  
  72  7:26  Hydralisk Den  
  68  7:35  Drone x8  
  76  7:48  Evolution Chamber  
  75  7:51  Drone x4  
  75  7:52  Drone  
  75  7:53  Drone  
  75  7:54  Hydralisk Den  
  75  7:57  Muscular Augments  
  81  8:08  Burrow  
  81  8:23  Overlord x2  
  81  8:24  Overlord x2  
  81  8:31  Pneumatized Carapace  
  81  8:32  Overlord x4  
  81  8:33  Zerg Missile Weapons Level 2  
  81  8:38  Overlord  
  81  8:39  Overlord  
  81  8:40  Overlord  
  81  8:41  Overlord x2  
  81  8:53  Drone x5  
  86  8:57  Overlord  
  86  9:01  Zerg Ground Armor Level 2, Drone  
  87  9:07  Hydralisk  
  89  9:12  Lurker Den  
  89  9:14  Drone  
  89  9:16  Hatchery  
  89  9:22  Overseer  
  89  9:23  Overseer  
  89  9:25  Overseer  
  89  9:26  Overseer x3  
  88  9:39  Drone x5  
  88  9:40  Drone x3  
  88  9:41  Drone  
  97  9:48  Drone x4  
  100  9:54  Drone x2  
  100  9:55  Drone  
  103  10:00  Hydralisk  
  103  10:02  Hydralisk  
  103  10:06  Spore Crawler  
  106  10:15  Baneling Nest  
  103  10:29  Hydralisk  
  103  10:30  Hydralisk x7  
  114  10:42  Zergling x2  
  104  10:45  Hydralisk x2  
  104  10:46  Hydralisk x2  
  104  10:47  Roach  
  108  10:51  Hydralisk  
  108  10:54  Zergling x2  
  108  10:55  Zergling x8  
  106  11:04  Hydralisk  
  106  11:05  Hydralisk  
  105  11:24  Overlord x2  
  105  11:27  Drone  
  105  11:28  Hatchery  
  105  11:38  Lurker  
  105  11:39  Lurker  
  107  11:55  Zergling x2  
  99  12:09  Zergling x14  
  99  12:10  Zergling x4  
  106  12:18  Lurker  
  99  12:31  Zergling x2  
  99  12:32  Zergling x10  
  99  12:42  Zergling x2  
  99  12:43  Zergling x4  
  100  12:56  Drone x3  
  103  13:00  Extractor x2  
  97  13:13  Extractor, Hatchery  
Tags
 
Add a new tag
Caveats
  • Supply blocks, unpowered buildings, or Contaminate may cause inaccurate times.
  • Supply counts are checked every 10 seconds.